 Dungeon Crawl Stone Soup version 0.24.0-28-g17ded55e90 (webtiles) character file.

Game seed: 5685449072867196363, levelgen mode: deterministic

20003 Iamsoldier the Basher (level 12, -1/112 HPs)
             Began as a Minotaur Berserker on Nov 12, 2019.
             Was a High Priest of Trog.
             Slain by a salamander
             ... wielding a +1 glaive of venom
              (7 damage)
             ... on level 1 of the Snake Pit.
             The game lasted 00:32:30 (11903 turns).

Iamsoldier the Basher (Minotaur Berserker)         Turns: 11903, Time: 00:32:30

Health: -1/112     AC: 15    Str: 25    XL:     12   Next: 41%
Magic:  0/13       EV:  8    Int:  4    God:    Trog [*****.]
Gold:   684        SH:  0    Dex: 12    Spells: 11/11 levels left

rFire    + . .     SeeInvis .   b - +4 great mace (drain)
rCold    + . .     Gourm    .   (shield currently unavailable)
rNeg     . . .     Faith    .   o - +0 plate armour
rPois    +         Spirit   +   (helmet restricted)
rElec    +         Reflect  .   Q - scarf {Spirit}
rCorr    +         Harm     .   (no gloves)
MR       .....                  (no boots)
Stlth    ..........             B - amulet of regeneration
HPRegen  0.68/turn              C - ring of poison resistance
MPRegen  0.13/turn              j - ring of flight

@: lethally poisoned (-1 -> -6), resistant, berserk cooldown, slowed,
constricted, very slow
A: retaliatory headbutt, horns 2
a: Berserk, Trog's Hand, Brothers in Arms, Renounce Religion, Evoke Flight


You were on level 1 of the Snake Pit.
You worshipped Trog.
Trog was extremely pleased with you.
You were not hungry.

You visited 3 branches of the dungeon, and saw 13 of its levels.

You collected 684 gold pieces.

Inventory:

Hand Weapons
 a - a +0 mace
 b - a +4 great mace of draining (weapon)
Armour
 m - a +1 buckler
 o - a +0 plate armour (worn)
 Q - a scarf of spirit shield (worn)
Jewellery
 d - an uncursed amulet of the acrobat
 j - a ring of flight (right hand)
 B - an amulet of regeneration (around neck)
 C - a ring of poison resistance (left hand)
 G - a +2 ring of evasion
 I - an uncursed ring of protection from fire
 K - an uncursed ring of ice
Wands
 f - a wand of digging (7)
 t - a wand of disintegration (16)
 y - a wand of paralysis (3)
 H - a wand of scattershot (2)
 J - a wand of flame (11)
 P - a wand of acid (6)
Scrolls
 g - 7 scrolls of teleportation
 h - a scroll of random uselessness {unknown}
 i - 2 scrolls of identify
 q - 2 scrolls of amnesia {unknown}
 s - 3 scrolls of enchant weapon {unknown}
 w - 2 scrolls of enchant armour
 x - 4 scrolls of remove curse
 z - a scroll of summoning {unknown}
 D - a scroll of acquirement {unknown}
 E - a scroll of magic mapping {unknown}
 M - a scroll of fear {unknown}
 R - a scroll of fog {unknown}
Potions
 k - 5 potions of brilliance
 l - 2 potions of haste
 n - a potion of berserk rage {unknown}
 p - a potion of lignification {unknown}
 r - a potion of cancellation {unknown}
 u - a potion of experience {unknown}
 v - a potion of degeneration
 A - 5 potions of flight
 F - a potion of ambrosia
 L - a potion of might
 O - a potion of heal wounds {unknown}
Comestibles
 c - 29 rations


   Skills:
 + Level 12.2 Fighting
 - Level 12.3 Maces & Flails
 + Level 11.9 Armour
 + Level 9.0 Dodging
 + Level 9.3 Shields
 - Level 3.1 Evocations


You had 11 spell levels left.
You didn't know any spells.
Your spell library was empty.

Dungeon Overview and Level Annotations

Branches:
Dungeon (10/15)            Temple (0/1) D:5            Lair (2/6) D:9
 Shoals (0/4) Lair:2        Snake (1/4) Lair:2          Orc (0/2) D:9

Altars:
Dithmenos
Gozag
Hepliaklqana
Kikubaaqudgha
Nemelex Xobeh
Okawaru
Ru
Trog

Shops:
D:8 [   D:9 (


Innate Abilities, Weirdness & Mutations

You reflexively headbutt those who attack you in melee.
You have a pair of horns on your head.


Message History

The splash of poison misses you.
You barely miss the naga warrior.
The naga warrior is severely wounded.
You feel very sick.
The naga mage hits you from afar with a +0 halberd!
* * * LOW HITPOINT WARNING * * *
The salamander hits you from afar with a +1 glaive of venom.
* * * LOW HITPOINT WARNING * * *
You are engulfed in flames!
* * * LOW HITPOINT WARNING * * *
The naga warrior hits you with a +0 battleaxe.
* * * LOW HITPOINT WARNING * * *
The naga warrior constricts you.
The naga mage hits you but does no damage.
You feel protected.
You feel very sick.
The naga mage hits you from afar with a +0 halberd.
* * * LOW HITPOINT WARNING * * *
The salamander hits you from afar with a +1 glaive of venom!
You die...

#.....# ....... ..._...##
#...# ........## #...#
......#..###### #...#
..N......N....#######...#
.........N###(..........#
#.......N)@.((###.......#
###...######....#...#..##
### #............###
#......##.[....#
####...##...#...
###########.. #.. ####
#..(


You could see a naga warrior, a salamander and a naga mage.

Vanquished Creatures
  Harold (D:9)
  5 two-headed ogres (D:8)
  A naga sharpshooter (Snake:1)
  A naga ritualist (Snake:1)
  A mana viper (Snake:1)
  A cyclops (D:8)
  A merfolk siren (Lair:2)
  2 black mambas (Snake:1)
  3 spiny frogs
  A torpor snail (Lair:2)
  2 komodo dragons (Lair:2)
  2 merfolk (Lair:2)
  A slime creature (D:9)
  9 blink frogs
  4 hippogriffs
  A spriggan (D:9)
  2 wyverns (D:8)
  13 yaks
  A basilisk (Lair:2)
  A hungry ghost (D:7)
  Grum (D:8)
  8 nagas
  2 wargs (D:9)
  Duvessa (D:5)
  A porcupine (Lair:1)
  2 ice beasts
  2 orc warriors
  3 sky beasts
  A phantom (D:6)
  A necrophage (D:5)
  8 wolves
  3 centaurs
  3 crocodiles
  A big kobold (D:7)
  5 bullfrogs
  Dowan (D:5)
  4 scorpions
  5 killer bees
  3 howler monkeys
  A bullfrog zombie (D:5)
  A centaur zombie (D:8)
  4 crimson imps
  A quasit (D:6)
  A centaur skeleton (D:5)
  5 orc priests
  6 jellies
  4 hounds
  8 orc wizards
  2 bullfrog skeletons
  Natasha (thrice) (D:2)
  6 worker ants
  A hound skeleton (D:7)
  Robin (D:2)
  2 worker ant zombies
  14 adders
  2 shadow imps
  20 oozes
  2 adder zombies
  2 worms
  2 dart slugs (D:2)
  12 leopard geckos
  51 orcs
  9 bats
  8 giant cockroaches
  16 goblins
  10 hobgoblins
  10 jackals
  4 quokkas
  3 ball pythons
  4 frilled lizards
  2 jackal skeletons
  16 kobolds
  A leopard gecko skeleton (D:4)
  A quokka skeleton (D:9)
  6 rats
  2 butterflies (Lair:2)
351 creatures vanquished.

Vanquished Creatures (others)
  4 fungi
4 creatures vanquished.

Grand Total: 355 creatures vanquished

Notes
Turn   | Place    | Note
-------+----------+-------------------------------------------
     0 | D:1      | Iamsoldier the Minotaur Berserker began the quest for the
                  | Orb.
     0 | D:1      | Reached XP level 1. HP: 19/19 MP: 0/0
   374 | D:1      | Reached XP level 2. HP: 26/26 MP: 1/1
   812 | D:2      | Noticed Robin
   815 | D:2      | Reached skill level 5 in Maces & Flails
   819 | D:2      | Reached ** piety under Trog
   827 | D:3      | Reached XP level 3. HP: 7/31 MP: 2/2
  1079 | D:2      | Killed Robin
  1090 | D:2      | HP: 1/31 [poisoned by an adder]
  1397 | D:2      | Found a shadowy altar of Dithmenos.
  1397 | D:2      | Noticed Natasha
  1405 | D:2      | Killed Natasha
  1405 | D:2      | Reached XP level 4. HP: 29/39 MP: 3/3
  1430 | D:2      | Noticed Natasha
  1438 | D:2      | Killed Natasha
  1701 | D:2      | Reached XP level 5. HP: 37/45 MP: 4/4
  1727 | D:2      | Found a sparkling altar of Nemelex Xobeh.
  1803 | D:2      | Noticed Natasha
  1817 | D:2      | Killed Natasha
  2069 | D:2      | Found an opulent altar of Gozag.
  2102 | D:2      | Reached *** piety under Trog
  2721 | D:3      | Reached XP level 6. HP: 49/51 MP: 5/5
  2839 | D:3      | Noticed an ice beast
  2842 | D:3      | Killed an ice beast
  2948 | D:3      | Found a faded altar of an unknown god.
  3092 | D:3      | Found a hazy altar of Hepliaklqana.
  3693 | D:4      | Reached **** piety under Trog
  4088 | D:4      | Reached XP level 7. HP: 53/57 MP: 6/6
  4330 | D:5      | Entered Level 5 of the Dungeon
  4604 | D:5      | Reached skill level 10 in Maces & Flails
  4665 | D:5      | Found a staircase to the Ecumenical Temple.
  5014 | D:5      | Found an ancient bone altar of Kikubaaqudgha.
  5014 | D:5      | Found an iron altar of Okawaru.
  5016 | D:5      | Found a bloodstained altar of Trog.
  5170 | D:5      | Noticed Duvessa
  5170 | D:5      | Noticed Dowan
  5179 | D:5      | Reached XP level 8. HP: 66/66 MP: 7/7
  5185 | D:5      | Killed Duvessa
  5185 | D:5      | Reached skill level 1 in Shields
  5206 | D:5      | Killed Dowan
  5512 | D:6      | Reached ***** piety under Trog
  5550 | D:6      | Reached skill level 5 in Fighting
  5731 | D:6      | Reached skill level 5 in Armour
  6181 | D:7      | Identified the +3 leather armour of Qyireyl {Regen+ Int+2
                  | Dex+7} (You found it on level 7 of the Dungeon)
  6428 | D:7      | Reached XP level 9. HP: 72/75 MP: 8/8
  6661 | D:7      | HP: 2/78 [orc warrior/+0 glaive (4)]
  6664 | D:7      | Received a gift from Trog
  7410 | D:8      | Found Xatus's Armour Shop.
  7411 | D:8      | Noticed a two-headed ogre
  7427 | D:8      | Noticed a cyclops
  7536 | D:8      | Killed a two-headed ogre
  7541 | D:8      | Killed a cyclops
  7647 | D:8      | Noticed a two-headed ogre
  7659 | D:8      | Killed a two-headed ogre
  7659 | D:8      | Reached skill level 5 in Dodging
  7659 | D:8      | Reached XP level 10. HP: 88/88 MP: 9/9
  7839 | D:8      | Noticed Grum
  7848 | D:8      | Reached skill level 5 in Shields
  7848 | D:8      | Reached skill level 1 in Evocations
  7853 | D:8      | Killed Grum
  7929 | D:8      | Noticed a two-headed ogre
  7941 | D:8      | Killed a two-headed ogre
  8305 | D:8      | Noticed a two-headed ogre
  8313 | D:8      | Killed a two-headed ogre
  8365 | D:8      | Found a sacrificial altar of Ru.
  8603 | D:8      | Noticed a two-headed ogre
  8613 | D:8      | Killed a two-headed ogre
  8882 | D:9      | Found a staircase to the Lair.
  8923 | D:9      | Noticed Harold
  8940 | D:9      | Killed Harold
  8940 | D:9      | Reached skill level 10 in Fighting
  8940 | D:9      | Reached XP level 11. HP: 60/99 MP: 12/12
  8963 | D:10     | Entered Level 10 of the Dungeon
  9114 | D:9      | Reached skill level 10 in Armour
  9181 | D:9      | Found Alum's Weapon Emporium.
  9207 | D:9      | Found a staircase to the Orcish Mines.
  9637 | D:9      | Received a gift from Trog
  9703 | Lair:1   | Entered Level 1 of the Lair of Beasts
 10644 | Lair:2   | Found a staircase to the Shoals.
 10841 | Lair:2   | Reached XP level 12. HP: 104/110 MP: 13/13
 10977 | Lair:2   | Found a staircase to the Snake Pit.
 11656 | Snake:1  | Entered Level 1 of the Snake Pit
 11707 | Snake:1  | Received a gift from Trog
 11876 | Snake:1  | Found a hazy altar of Hepliaklqana.
 11878 | Snake:1  | Noticed a naga warrior
 11903 | Snake:1  | Slain by a salamander

Levels and vault maps discovered:
D:1:      scummos_arrival_simple_crosswalls, layout_rooms
D:2:      layout_basic, nicolae_gozag_cash_rules_everything_around_me,
          nemelex_xobeh_ov_fountains_minmay,
          nicolae_dithmenos_through_a_glass_darkly, first_ration, uniq_robin,
          uniq_natasha
D:3:      layout_basic, old_standard_altar, chequers_ecumenical_altar_lobes
D:4:      layout_basic, serial_glass, glass_columns_b, glass_columns_c
D:5:      layout_layer_cave, chequers_temple_overflow_statue_of_worship,
          minmay_temple_entry_gardened_gates, uniq_duvessa, uniq_menkaure
D:6:      layout_rooms, minmay_misc_feat_columns
D:7:      layout_gridville
D:8:      minmay_general_purpose_star, layout_basic, nicolae_ru_path_of_blood,
          serial_shops, shop_fountains, uniq_grum
D:9:      lemuel_slime, layout_cave_pools, dpeg_oklobed_lair, erik_orc_4,
          serial_shops, shop, the_bakery, evilmike_butchery, uniq_harold
D:10:     layout_basic, serial_shops, shop, gammafunk_ghost_spectres
Lair:1:   layout_roguey
Lair:2:   layout_chaotic_city, elwin_shoals_entry_rooms,
          minmay_snake_entry_guardpost_medium, lemuel_fruit_fields,
          infiniplex_staircase_pool_2
Snake:1:  layout_misc_corridors, basic_altar

Skill      XL: |  1  2  3  4  5  6  7  8  9 10 11 12 |
---------------+-------------------------------------+-----
Maces & Flails | 4 5 6 7 8 9 11 12 | 12.3
Fighting       | 6 8 10 11 12 | 12.2
Armour         | 5 7 9 11 | 11.9
Shields        | 3 4 6 8 9 |  9.3
Dodging        | 3 5 6 8 9 |  9.0
Evocations     | 3 |  3.1

Action                   |  1- 3 |  4- 6 |  7- 9 | 10-12 || total
-------------------------+-------+-------+-------+-------++-------
Melee: Mace              |    55 |   186 |   301 |    81 ||   623
       Headbutt          |     7 |    30 |    63 |    60 ||   160
       Great mace        |       |       |       |   295 ||   295
Invok: Berserk           |     3 |     3 |     7 |    14 ||    27
       Trog's Hand       |       |       |     1 |       ||     1
Evoke: Wand              |       |       |       |     3 ||     3
  Use: Scroll            |     2 |     3 |     4 |     5 ||    14
       Potion            |       |       |    11 |     2 ||    13
  Eat: Chunk             |     4 |    12 |    13 |    16 ||    45
       Ration            |       |       |     3 |     3 ||     6
Armor: Animal skin       |     8 |       |       |       ||     8
       Ring mail         |       |     5 |       |       ||     5
       Chain mail        |       |    18 |       |       ||    18
       Plate armour      |       |    50 |   125 |   237 ||   412
Dodge: Dodged            |    52 |   111 |   108 |   272 ||   543
Block: Buckler           |     4 |    30 |    55 |    26 ||   115
